 Dungeon Crawl Stone Soup version 0.30-a0-1161-g0704695555 (webtiles) character file.

Game seed: 7556753494456510331

15 bIGcHEF the Trooper (level 2, -2/24 HPs)
             Began as a Demonspawn Berserker on Apr 27, 2023.
             Was a Follower of Trog.
             Slain by an adder (4 damage)
             ... on level 1 of the Dungeon.
             The game lasted 00:00:51 (1043 turns).

bIGcHEF the Trooper (Demonspawn Berserker)          Turns: 1043, Time: 00:00:52

Health: -2/24      AC:  4    Str: 17    XL:     2   Next: 34%
Magic:  2/2        EV:  8    Int:  8    God:    Trog [*.....]
Gold:   64         SH: 10    Dex: 12    Spells: 1/1 levels left

rFire   . . .        a - +0 spear
rCold   . . .        e - +0 tower shield
rNeg    . . .        b - +0 animal skin
rPois   .            (no helmet)
rElec   .            (no cloak)
rCorr   .            (no gloves)
SInv    .            (no boots)
Will    .....        (no amulet)
Stlth   +            (no ring)
HPRegen 0.24/turn    (no ring)
MPRegen 0.08/turn

%: no passive effects
@: no status effects
A: slimy green scales 1
a: Renounce Religion, Berserk


You were on level 1 of the Dungeon.
You worshipped Trog.
Trog was aware of your devotion.
You visited 1 branch of the dungeon, and saw 2 of its levels.

You collected 64 gold pieces.

Inventory:

Hand Weapons
 a - a +0 spear (weapon)
Armour
 b - a +0 animal skin (worn)
 e - a +0 tower shield (worn)
Scrolls
 c - a scroll of blinking {unknown}
 d - a scroll of enchant weapon {unknown}
 h - a scroll of identify {unknown}
Potions
 f - 2 potions of curing {unknown}
 g - a potion of experience {unknown}


   Skills:
 + Level 3.3 Fighting
 + Level 2.9 Polearms
 + Level 1.9 Armour
 + Level 1.8 Dodging
 + Level 0.2 Stealth


You had one spell level left.
You didn't know any spells.
Your spell library was empty.

Dungeon Overview and Level Annotations

Branches:
Dungeon (2/15)

Altars:


Innate Abilities, Weirdness & Mutations

You are partially covered in slimy green scales. (AC +2)


Message History

You are frozen.
The adder bites you but does no damage. The endoplasm barely misses you.
You hit the adder but do no damage. You block the adder's attack.
The adder barely misses you. You block the endoplasm's attack.
You miss the adder. The adder bites you. The quokka bites you.
You block the endoplasm's attack.
An endoplasm comes into view.
The adder bites you but does no damage. The quokka bites you.
The endoplasm quivers.
You hit the adder but do no damage. You block the endoplasm's attack.
The adder bites you.
You are poisoned.
The adder poisons you! You block the quokka's attack.
The endoplasm freezes you.
You are frozen.
The endoplasm attacks as you move away! You block the endoplasm's attack.
You feel sick. The adder closely misses you.
There is a stone staircase leading up here.
You feel sick. You block the quokka's attack.
The adder bites you but does no damage.
The quokka bites you but does no damage.
The endoplasm freezes you.
You are frozen.
* * * LOW HITPOINT WARNING * * *
You climb upwards.
You feel sick.
There is a stone staircase leading down here.
You feel sick. You block the quokka's attack. You block the endoplasm's attack.
You feel sick.
The quokka bites you but does no damage.
You block the adder's attack.
You can't go down here!
The quokka attacks as you move away! The quokka barely misses you.
You feel sick.
You are no longer poisoned.
The quokka attacks as you move away! You block the quokka's attack.
The adder attacks as you move away! The adder bites you.
* * * LOW HITPOINT WARNING * * *
The endoplasm attacks as you move away! The endoplasm misses you.
The adder attacks as you move away! The adder bites you.
You die...

.#
#......##..........##.........
.#
#......+..#'######.####....##.
.#
#......##.#.######'####....##.
.#
#.>....+..............'....+..
.#
#.....PP~...###.....###....###
.# #....~~♣♣P..# #.....#
####.#.# .# #####P~~♣...#
#.....# #.#.. .#
###P~>..######'## #.#.# .#
##...Jr@...).# #.#.# .#
##...S####### #.#.# .# #....#
#.#.# .# ####....# #.#.# .#
#.......# #.#.# .#
#####.......# #.#.# .##
#......)....# #.#.# ..#
#.###......## #.#.#
..###.###......# #.#.#


You could see an adder, an endoplasm and a quokka.

Vanquished Creatures
  An endoplasm (D:1)
  A goblin (D:1)
  A hobgoblin (D:1)
  3 kobolds (D:1)
  A quokka (D:1)
  2 ball pythons (D:1)
  A bat (D:1)
  2 frilled lizards (D:1)
  3 rats
15 creatures vanquished.

Notes
Turn   | Place    | Note
-------+----------+-------------------------------------------
     0 | D:1      | bIGcHEF the Demonspawn Berserker began the quest for the
                  | Orb.
     0 | D:1      | Reached XP level 1. HP: 18/18 MP: 1/1
   420 | D:1      | Gained mutation: You are partially covered in slimy green
                  | scales. (AC +2) [demonic ancestry]
   420 | D:1      | Reached XP level 2. HP: 24/24 MP: 2/2
  1043 | D:1      | Slain by an adder

Illustrated notes

Levels and vault maps discovered:
D:1:      dpeg_arrival_erosion, layout_basic, serial_bayou_pond_d,
          minmay_pentomino_z2
D:2:      layout_basic

Action                     || total
---------------------------++-------
  Melee: Spear             ||    54
   Stab: Sleeping          ||     3
 Armour: Animal skin       ||     9
  Dodge: Dodged            ||    20
  Block: Tower shield      ||    16

Table legend: (Time is in decaauts)
 A = Elapsed time spent in this place.
 B = Non-inter-level travel time spent in this place.
 C = Inter-level travel time spent in this place.
 D = Time resting spent in this place.
 E = Time spent auto-exploring this place.
 F = Levels seen in this place.
 G = Mean time per level.
                   A        B        C        D        E       F      G
               +--------+--------+--------+--------+--------+-----+--------+
         Total |   1049 |   1014 |     35 |      0 |    886 |   2 |  524.5 |
       Dungeon |   1049 |   1014 |     35 |      0 |    886 |   2 |  524.5 |
               +--------+--------+--------+--------+--------+-----+--------+

Top non-repeatable levels by time:
     D:1: 1033 daAuts
     D:2: 15 daAuts
